Map: Paladino Terminal LE

Players

Whïte

  • Race: Zerg Zerg
  • League: Diamond
  • Spawn Location: 5:00

Musumeci - Winner!

  • Race: Zerg Zerg
  • League: Diamond
  • Spawn Location: 9:00

VOD

Have the link to the VOD?

Description

Time

  • Played on: Jan. 28, 2017, 1:11 p.m.
  • Length: 6:37
Show
View Real Time Build Order
Export as new Build Order

Whïte Zerg 

Build Orders: Pool First 

Get SALT Encoding   

  12  0:03  Drone  
  13  0:13  Overlord  
  13  0:18  Drone  
  14  0:31  Drone x2  
  16  0:35  Drone  
  17  0:58  Drone  
  17  0:59  Drone  
  17  1:01  Extractor  
  17  1:03  Spawning Pool  
  17  1:23  Hatchery  
  16  1:28  Overlord  
  16  1:39  Drone x2  
  18  1:41  Drone  
  19  1:53  Queen  
  21  2:05  Drone  
  21  2:08  Drone, Metabolic Boost  
  23  2:14  Drone  
  24  2:26  Drone  
  24  2:29  Queen  
  27  2:40  Drone x2  
  29  2:50  Queen  
  31  2:52  Drone x2  
  33  3:11  Overlord  
  33  3:12  Zergling x6  
  36  3:16  Spine Crawler  
  35  3:25  Zergling x2  
  34  4:05  Zergling x2  
  34  4:06  Zergling x10  
  40  4:13  Evolution Chamber  
  39  4:17  Evolution Chamber  
  39  4:23  Zergling x10  
  31  4:32  Zergling x6  
  31  4:37  Queen  
  34  4:40  Zerg Ground Armor Level 1  
  32  4:49  Zergling x8  
  36  4:58  Spine Crawler  
  35  5:02  Drone  
  33  5:27  Zergling x2  
  33  5:28  Zergling x4  
  30  5:34  Zergling x8  
  30  5:36  Queen  
  30  5:42  Zergling x2  
  33  5:53  Zergling x4  
  33  5:54  Baneling Nest, Zergling x2  
  35  6:01  Zergling x6  
  33  6:09  Zergling x2  
  33  6:10  Zergling x2  
Show
View Real Time Build Order
Export as new Build Order

Musumeci Zerg - Winner!

Build Orders: Hatch First 

Get SALT Encoding   

  12  0:01  Drone  
  13  0:09  Drone  
  14  0:20  Drone, Extractor  
  15  0:42  Hatchery  
  14  0:48  Drone, Extractor  
  15  1:03  Spawning Pool  
  14  1:17  Drone  
  14  1:20  Extractor  
  13  1:26  Overlord  
  13  1:27  Drone  
  14  1:47  Drone  
  14  1:48  Drone  
  14  1:50  Drone  
  17  1:55  Drone  
  18  2:04  Drone  
  18  2:07  Drone  
  20  2:11  Drone  
  21  2:18  Drone  
  21  2:20  Queen  
  24  2:23  Metabolic Boost  
  24  2:30  Queen  
  24  2:33  Overlord  
  26  2:45  Zergling x4  
  28  3:11  Zergling x4  
  30  3:15  Baneling Nest, Overlord  
  30  3:17  Zergling x6  
  32  3:26  Evolution Chamber  
  31  3:32  Overlord  
  31  3:34  Overlord  
  29  3:47  Zergling x12  
  35  3:58  Zerg Ground Armor Level 1  
  35  4:00  Baneling x2  
  35  4:03  Zergling x6  
  35  4:09  Baneling  
  37  4:14  Zergling x6  
  32  4:41  Zergling x14  
  36  4:50  Zergling x4  
  36  4:51  Baneling x2  
  36  4:56  Zergling x4  
  36  4:58  Baneling  
  36  4:59  Baneling  
  35  5:27  Zergling x18  
  41  5:35  Zergling x6  
  38  5:43  Baneling  
  38  5:44  Baneling x2  
  38  5:47  Drone x2  
  40  5:52  Baneling  
  40  5:54  Zergling x2  
  40  5:55  Zergling x2  
Tags
 
Add a new tag
Caveats
  • Supply blocks, unpowered buildings, or Contaminate may cause inaccurate times.
  • Supply counts are checked every 10 seconds.